 Dungeon Crawl Stone Soup version 0.23.2-40-g277498a (webtiles) character file.

Game seed: 8866217624884012687

33 Aphrodieselac the Charmwright (level 3, 0/27 HPs)
             Began as a Merfolk Skald on Aug 26, 2019.
             Succumbed to kobold's curare-tipped needle
             ... on level 2 of the Dungeon.
             The game lasted 00:06:10 (1134 turns).

Aphrodieselac the Charmwright (Merfolk Skald)       Turns: 1134, Time: 00:06:11

Health: 0/27       AC:  3    Str: 11    XL:     3   Next: 29%
Magic:  6/6        EV: 12    Int: 13    God:
Gold:   61         SH:  0    Dex: 13    Spells: 5/6 levels left

rFire    . . .     SeeInvis .   a - +0 spear
rCold    . . .     Gourm    .   (no shield)
rNeg     . . .     Faith    .   b - +0 leather armour
rPois    .         Spirit   .   (no helmet)
rElec    .         Reflect  .   (no cloak)
rCorr    .         Harm     .   (no gloves)
MR       .....                  (no boots)
Stlth    +.........             (no amulet)
HPRegen  0.09/turn              (no ring)
MPRegen  0.10/turn              (no ring)

@: lethally poisoned (0 -> -2)
A: change form in water, swift swim, stealthy swim
a: no special abilities


You were on level 2 of the Dungeon.
You were hungry.

You visited 1 branch of the dungeon, and saw 2 of its levels.

You collected 61 gold pieces.

Inventory:

Hand Weapons
 a - a +0 spear (weapon)
 i - a +0 hunting sling
Missiles
 o - 26 sling bullets
 p - 13 poisoned needles
Armour
 b - a +0 leather armour (worn)
Jewellery
 m - a +3 ring of evasion {unknown}
Scrolls
 g - a scroll of identify {unknown}
 h - a scroll of amnesia {unknown}
 j - 2 scrolls of remove curse {unknown}
 k - 2 scrolls of teleportation {unknown}
 l - a scroll of immolation {unknown}
 n - a scroll of fog {unknown}
Potions
 e - a potion of cancellation
 f - 2 potions of invisibility
Comestibles
 d - 4 rations


   Skills:
 - Level 2.1 Fighting
 + Level 3.8 Polearms
 - Level 0.6 Armour
 - Level 2.6 Dodging
 - Level 2.0 Spellcasting
 * Level 4.3 Charms


You had 5 spell levels left.
You knew the following spells:

 Your Spells              Type           Power        Failure   Level  Hunger
a - Infusion              Chrm           ##..         5%          1    ##.....

Your spell library contained the following spells:

 Spells                   Type           Power        Failure   Level  Hunger
 Song of Slaying          Chrm           ##......     9%          2    ###....
 Shroud of Golubria       Chrm/Tloc      #.........   21%         2    ###....
 Regeneration             Chrm/Necr      #.........   38%         3    ####...
 Spectral Weapon          Hex/Chrm       #.......     38%         3    ####...


Dungeon Overview and Level Annotations

Branches:
Dungeon (2/15)

Altars:
Vehumet


Message History

You start memorising the spell.
You continue memorising.
Your memorisation is interrupted.
* * * LOW HITPOINT WARNING * * *
You feel sick.
This spell is slightly dangerous to cast.
Memorise Regeneration, consuming 3 spell levels and leaving 2?
You start memorising the spell.
You continue memorising.
Your memorisation is interrupted.
* * * LOW HITPOINT WARNING * * *
You feel sick.
Okay, then.
You climb downwards.
* * * LOW HITPOINT WARNING * * *
You feel sick.
There is a stone staircase leading up here.
* * * LOW HITPOINT WARNING * * *
You feel sick.
* * * LOW HITPOINT WARNING * * *
You feel sick.
You die...

........(........
#.#
##.#.#<#.....#..
#.#
#######.#.....#.#.#
#..
............#.#.#.#
###
######.#####.#.# #
# #.# #.#.# # #.#
##.#.#. #
#.###..(.... #
#...@...#
#.###.#..... ....
.# .## ##### .# ##


There were no monsters in sight!

Vanquished Creatures
  3 dart slugs
  2 leopard geckos (D:1)
  3 bats
  A giant cockroach (D:2)
  4 goblins
  2 hobgoblins (D:1)
  4 frilled lizards
  4 kobolds
  2 rats
25 creatures vanquished.

Notes
Turn   | Place    | Note
-------+----------+-------------------------------------------
     0 | D:1      | Aphrodieselac the Merfolk Skald began the quest for the
                  | Orb.
     0 | D:1      | Reached XP level 1. HP: 16/16 MP: 3/3
   197 | D:1      | Reached XP level 2. HP: 18/22 MP: 5/5
   403 | D:1      | Reached skill level 4 in Charms
   703 | D:2      | Reached XP level 3. HP: 13/27 MP: 6/6
   740 | D:2      | Found a radiant altar of Vehumet.
  1130 | D:2      | HP: 1/27 [poisoned by kobold (curare-tipped needle)]
  1134 | D:2      | Succumbed to kobold's curare-tipped needle

Skill      XL: |  1  2 |
---------------+-------+-----
Charms         | 4 |  4.3
Fighting       | |  2.1
Polearms       | |  3.8
Armour         | |  0.6
Dodging        | |  2.6
Spellcasting   | |  2.0

Action                   || total
-------------------------++-------
Melee: Spear             ||    94
 Cast: Infusion          ||     3
  Use: Potion            ||     2
Armor: Leather armour    ||    18
Dodge: Dodged            ||    58
